 Dungeon Crawl Stone Soup version 0.18.1-6-gd335043 (webtiles) character file.

268 GreamJoe the Sneak (level 6, 0/30 HPs)
             Began as a Spriggan Assassin on May 16, 2016.
             Killed by divine providence
             ... invoked by an orc priest
              (14 damage)
             ... on level 3 of the Dungeon on May 17, 2016.
             The game lasted 00:16:53 (3531 turns).

GreamJoe the Sneak (Spriggan Assassin)              Turns: 3531, Time: 00:16:54

Health: 0/30       AC:  3    Str:  7    XL:     6   Next: 0%
Magic:  7/7        EV: 22    Int: 12    God:
Gold:   142        SH:  0    Dex: 20    Spells: 0 memorised, 5 levels left

rFire  . . .     SeeInvis +     a - +2 dagger
rCold  + . .     Gourm    .     c - +0 robe
rNeg   . . .     Faith    .     (shield restricted)
rPois  .         Spirit   .     (helmet restricted)
rElec  .         Dismiss  .     d - +0 cloak
rCorr  .         Reflect  .     (gloves unavailable)
SustAt .         Harm     .     (boots unavailable)
MR     +....                    i - amulet of regeneration
Stlth  ++++......               (no ring)
                                j - ring of protection from cold

@: very quick, somewhat resistant to hostile enchantments, stealthy
A: unfitting armour, see invisible, herbivore 3, speed 3, slow metabolism 2
a: no special abilities


You were on level 3 of the Dungeon.
You were completely stuffed.

You visited 1 branch of the dungeon, and saw 3 of its levels.

You collected 142 gold pieces.

Inventory:

Hand Weapons
 a - a +2 dagger (weapon)
 b - a +0 blowgun
Missiles
 e - 26 poisoned needles
 f - 2 curare-tipped needles
 q - 4 tomahawks (quivered)
Armour
 c - a +0 robe (worn)
 d - a +0 cloak (worn)
 h - a +0 pair of boots
 l - a cursed -2 chain mail
 p - a +0 leather armour
Jewellery
 i - an amulet of regeneration (around neck)
 j - a ring of protection from cold (left hand)
Scrolls
 n - a scroll of fear
 o - 2 scrolls of recharging
 r - a scroll of teleportation
 s - a scroll of amnesia
Potions
 m - a potion of magic
Comestibles
 g - a bread ration
 k - a meat ration


   Skills:
 + Level 2.2 Fighting
 + Level 2.9 Short Blades
 + Level 2.8 Throwing
 + Level 5.7 Dodging
 + Level 7.5 Stealth


You had 5 spell levels left.
You didn't know any spells.

Dungeon Overview and Level Annotations

Branches:
Dungeon (3/15)

Altars:
The Shining One


Innate Abilities, Weirdness & Mutations

You are tiny and cannot use many weapons and most armour.
You have supernaturally acute eyesight.
You are a herbivore.
You cover ground extremely quickly.
You need consume almost no food.


Message History

There is an open door here.
Found 15 gold pieces.
A bat comes into view.
The helpless bat fails to defend itself.
You stick the bat like a pincushion!!!
You kill the bat!
You now have 142 gold pieces (gained 15).
An orc priest comes into view. It is wielding a club.
An orc priest comes into view.
Found a leather armour.
A hobgoblin, 2 orcs and an orc wizard come into view.
The orc wizard shouts!
Found 4 gold pieces.
The orc priest shouts! x2
The orc priest invokes the aid of Beogh against you.
Beogh smites you!
Ouch! That really hurt!
The orc priest calls down the wrath of Beogh upon you.
Beogh smites you!
You die...

#..#.#.....##...........
######..#)..........########.
........#...........'..#
#######.............##.#
#...................##.#
#.........############.##
#.......................###
#.........######.....†.......#
#.........# #@#############
########### #.# #.# #.# #.#
#......# ..o...... ......o..#
o..o.....#


You could see an orc priest.

Vanquished Creatures
  A centaur (D:3)
  An orc priest (D:3)
  A jelly (D:3)
  4 adders
  A gnoll (D:1)
  4 worms
  2 dart slugs (D:1)
  3 giant geckos (D:1)
  3 orcs (D:3)
  2 ball pythons
  5 bats
  6 giant cockroaches
  8 goblins
  2 hobgoblins (D:3)
  4 jackals (D:2)
  4 kobolds
  A quokka (D:2)
  4 giant newts
  7 rats
  2 plants (D:1)
65 creatures vanquished.

Notes
Turn   | Place    | Note
--------------------------------------------------------------
     0 | D:1      | GreamJoe the Spriggan Assassin began the quest for the Orb.
     0 | D:1      | Reached XP level 1. HP: 10/10 MP: 2/2
   173 | D:1      | Reached skill level 6 in Stealth
   235 | D:1      | Reached XP level 2. HP: 14/14 MP: 3/3
   820 | D:1      | Reached XP level 3. HP: 5/18 MP: 4/4
   862 | D:1      | Found a glowing golden altar of the Shining One.
   869 | D:1      | Became a worshipper of the Shining One
  1162 | D:2      | Reached skill level 7 in Stealth
  1298 | D:2      | Reached XP level 4. HP: 23/23 MP: 5/5
  1357 | D:2      | HP: 1/23 [worm (11)]
  1886 | D:2      | Was placed under penance by the Shining One
  1950 | D:2      | Fell from the grace of the Shining One
  3050 | D:3      | Noticed a centaur
  3094 | D:3      | Killed a centaur
  3094 | D:3      | Reached XP level 5. HP: 4/26 MP: 6/6
  3179 | D:3      | Reached skill level 5 in Dodging
  3491 | D:3      | Reached XP level 6. HP: 26/30 MP: 7/7
  3531 | D:3      | Killed from afar by an orc priest

Skill      XL: |  1  2  3  4  5 |
---------------+----------------+-----
Stealth        | 6 7 |  7.5
Dodging        | 2 3 4 5 |  5.7
Fighting       | 2 |  2.2
Short Blades   | |  2.9
Throwing       | |  2.8

Action                   |  1- 3 |  4- 6 || total
-------------------------+-------+-------++-------
Melee: Dagger            |   347 |   211 ||   558
 Fire: Blowgun           |       |    16 ||    16
Throw: Tomahawk          |     4 |     2 ||     6
  Use: Potion            |     1 |     4 ||     5
       Scroll            |       |     7 ||     7
 Stab: Sleeping          |     4 |     3 ||     7
  Eat: Bread ration      |     2 |     1 ||     3
Armor: Robe              |    12 |    18 ||    30
Dodge: Dodged            |    96 |   212 ||   308
